 Dungeon Crawl Stone Soup version 0.20-a0-1089-g3fde505 (webtiles) character file.

211 Klosterheim the Ruffian (level 5, -8/48 HPs)
             Began as a Troll Transmuter on May 3, 2017.
             Was an Initiate of Cheibriados.
             Killed from afar by an orc wizard (9 damage)
             ... with a puff of frost
             ... on level 4 of the Dungeon.
             The game lasted 00:08:07 (2561 turns).

Klosterheim the Ruffian (Troll Transmuter)          Turns: 2561, Time: 00:08:09

Health: -8/48      AC:  6    Str: 19    XL:     5   Next: 57%
Magic:  14/14      EV: 10    Int: 11    God:    Cheibriados [......]
Gold:   176        SH:  0    Dex: 11    Spells: 1/6 levels left

rFire    . . .     SeeInvis .     - Unarmed
rCold    . . .     Gourm    +   (no shield)
rNeg     . . .     Faith    .   b - +1 robe
rPois    .         Spirit   .   (helmet restricted)
rElec    .         Reflect  .   (no cloak)
rCorr    .         Harm     .   (gloves unavailable)
MR       .....                  (boots unavailable)
Stlth    +.........             (no amulet)
Regen    0.6/turn               (no ring)
MPRegen  0.2/turn               m - ring of magical power

@: very slow
A: unfitting armour, claws 3, fast metabolism 3, gourmand, regeneration 1,
shaggy fur 1, tough skin 2
a: Bend Time, Renounce Religion


You were on level 4 of the Dungeon.
You worshipped Cheibriados.
Cheibriados was noncommittal.
You were very full.

You visited 2 branches of the dungeon, and saw 5 of its levels.

You collected 176 gold pieces.

Inventory:

Missiles
 a - 60 arrows
Armour
 b - a +1 robe (worn)
Jewellery
 i - an uncursed ring of fire
 m - a ring of magical power (right claw)
 v - an uncursed amulet of regeneration {unknown}
Wands
 o - a wand of flame (19/48)
 p - a wand of confusion (11/48)
 u - a wand of flame (34/48)
Scrolls
 f - a scroll of teleportation
 g - 3 scrolls of fear {unknown}
 j - 2 scrolls of remove curse
 k - 3 scrolls of immolation {unknown}
 n - 2 scrolls of amnesia
 t - a scroll of identify
Potions
 e - 2 potions of magic
 h - 3 potions of brilliance
 l - 3 potions of curing
 s - a potion of heal wounds {unknown}
Books
 c - a book of Changes

   Spells                             Type                      Level
   a - Beastly Appendage              Transmutation                1
   b - Sticks to Snakes               Transmutation                2
   c - Spider Form                    Transmutation/Poison         3
   d - Ice Form                       Ice/Transmutation            4
   e - Blade Hands                    Transmutation                5
Comestibles
 d - 5 bread rations
 q - a chunk of flesh
 r - 2 meat rations


   Skills:
 + Level 1.3 Fighting
 - Level 1.5 Dodging
 * Level 6.1 Unarmed Combat
 - Level 1.2 Spellcasting
 - Level 1.3 Transmutations


You had one spell level left.
You knew the following spells:

 Your Spells              Type           Power        Failure   Level  Hunger
a - Beastly Appendage     Tmut           #.....       19%         1    ##.....
b - Ice Form              Ice/Tmut       #.......     93%         4    #####..


Dungeon Overview and Level Annotations

Branches:
Dungeon (4/15)             Temple (1/1) D:4

Altars:
Cheibriados
Elyvilon
Gozag
Hepliaklqana
Kikubaaqudgha
Makhleb
Qazlal
Trog
Vehumet
Yredelemnul


Innate Abilities, Weirdness & Mutations

You are too large for most types of armour.
You have claws for hands.
Your metabolism is lightning-fast.
You like to eat raw meat.
Your natural rate of healing is unusually fast.
You are covered in fur. (AC +1)
You have very tough skin. (AC +2)


Message History

You are too injured to fight recklessly!
You are too injured to fight recklessly!
You are too injured to fight recklessly!
You are too injured to fight recklessly!
You are too injured to fight recklessly!
You scratch the orc priest.
The orc priest is lightly wounded.
The orc priest closely misses you. The orc wizard hits you with a dagger.
You barely miss the orc priest.
The orc priest is lightly wounded.
The orc priest hits you but does no damage.
The orc wizard completely misses you.
You closely miss the orc priest.
The orc priest is lightly wounded.
The orc priest mumbles some strange prayers to Beogh against you.
Beogh smites you!
* * * LOW HITPOINT WARNING * * *
The orc wizard points at you and mumbles some strange words.
The puff of frost hits you!
You die...

.........##########.........#.#
......... #.....#.###.###.#.#
......... #.....#.#.#...#.#.#
....#.... #...!.#.#.....#.#.#
....# ##. #.....#.#.#####.#.#
....# #.....#.#.......#.# <...#
..##.....#.#########.# .....
.........'..>........# ......
......o@.#..########## #
##....o).#..# #.......#..#
#..######..# #. #..# # #..#
#..# #..#


You could see an orc priest and an orc wizard.

Vanquished Creatures
  A jelly (D:4)
  An orc priest (D:3)
  Ijyb (D:4)
  2 adders (D:3)
  An ooze (D:1)
  2 worms
  3 dart slugs
  3 leopard geckos
  11 orcs
  2 giant cockroaches (D:1)
  6 goblins
  7 hobgoblins
  13 jackals
  3 kobolds (D:3)
  A quokka (D:4)
  2 ball pythons
  8 bats
  5 frilled lizards
  9 rats
81 creatures vanquished.

Notes
Turn   | Place    | Note
-------+----------+-------------------------------------------
     0 | D:1      | Klosterheim the Troll Transmuter began the quest for the Orb.
     0 | D:1      | Reached XP level 1. HP: 18/18 MP: 1/1
    80 | D:1      | Reached XP level 2. HP: 22/26 MP: 2/2
   287 | D:1      | Reached skill level 4 in Unarmed Combat
   366 | D:1      | Reached XP level 3. HP: 32/32 MP: 3/3
  1594 | D:3      | Reached skill level 5 in Unarmed Combat
  1594 | D:3      | Reached XP level 4. HP: 23/40 MP: 2/4
  1762 | D:3      | Learned a level 4 spell: Ice Form
  2017 | D:3      | Reached skill level 1 in Fighting
  2054 | D:3      | You fall through a shaft!
  2090 | D:4      | Reached XP level 5. HP: 47/48 MP: 5/5
  2128 | D:4      | Found a staircase to the Ecumenical Temple.
  2144 | D:4      | Noticed Ijyb
  2165 | D:4      | Killed Ijyb
  2165 | D:4      | Reached skill level 6 in Unarmed Combat
  2210 | Temple   | Entered the Ecumenical Temple
  2365 | Temple   | Became a worshipper of Cheibriados the Contemplative
  2561 | D:4      | HP: 1/48 [orc priest/divine providence (16)]
  2561 | D:4      | Killed from afar by an orc wizard

Vault maps used:
D:1:      dpeg_arrival_three_same_balls
D:4:      amethyst_overflow_temple_binary, minmay_temple_entry_glassed_door,
          first_bread, uniq_ijyb
Temple:   cyrus_temple_forest

Skill      XL: |  1  2  3  4  5 |
---------------+----------------+-----
Unarmed Combat | 4 5 6 |  6.1
Fighting       | 1 |  1.3
Dodging        | |  1.5
Spellcasting   | |  1.2
Transmutations | |  1.3

Action                   |  1- 3 |  4- 6 || total
-------------------------+-------+-------++-------
Melee: Unarmed           |   106 |   105 ||   211
       Punch             |     1 |     3 ||     4
       Kick              |     1 |       ||     1
 Cast: Beastly Appendage |     2 |       ||     2
  Use: Scroll            |       |     8 ||     8
  Eat: Chunk             |    20 |     9 ||    29
Armor: Robe              |    44 |    29 ||    73
Dodge: Dodged            |    67 |    35 ||   102
